 Dungeon Crawl Stone Soup version 0.27.1-4-g1640c2035a (webtiles) character file.

Game seed: 18314909838208666010

18 Urokeeper the Sneak (level 2, 0/19 HPs)
             Began as an Octopode Brigand on Nov 9, 2021.
             Slain by Sigmund (4 damage)
             ... on level 2 of the Dungeon.
             The game lasted 00:01:42 (880 turns).

Urokeeper the Sneak (Octopode Brigand)               Turns: 880, Time: 00:01:42

Health: 0/19       AC:  1    Str: 10    XL:     2   Next: 66%
Magic:  2/2        EV: 12    Int: 13    God:
Gold:   76         SH:  0    Dex: 13    Spells: 1/1 levels left

rFire    . . .     SeeInvis .   a - +2 dagger
rCold    . . .     Faith    .   (no shield)
rNeg     . . .     Spirit   .   (helmet restricted)
rPois    .         Reflect  .   (no amulet)
rElec    .         Harm     .   (no ring)
rCorr    .         Rampage  .   (no ring)
Will     .....                  (no ring)
Stlth    ++++......             (no ring)
HPRegen  0.06/turn              (no ring)
MPRegen  0.08/turn              (no ring)
                                (no ring)
                                (no ring)

@: no status effects
A: almost no armour, amphibious, 8 rings, camouflage 1, gelatinous body 1,
(nimble swimmer 1), tentacles
a: no special abilities


You were on level 2 of the Dungeon.
You visited 1 branch of the dungeon, and saw 2 of its levels.

You collected 76 gold pieces.

Inventory:

Hand Weapons
 a - a +2 dagger (weapon)
 i - a +0 short sword
Missiles
 b - 8 poisoned darts (quivered)
 c - 2 curare-tipped darts
 g - a throwing net
Scrolls
 d - a scroll of acquirement {unknown}
 h - a scroll of identify {unknown}
 j - a scroll of noise {unknown}
Potions
 e - a potion of ambrosia {unknown}
 f - a potion of lignification {unknown}


   Skills:
 - Level 2.0 Fighting
 - Level 2.0(2.3) Short Blades
 * Level 1.8(2.2) Long Blades
 - Level 2.0 Throwing
 - Level 1.0 Dodging
 + Level 5.6 Stealth


You had one spell level left.
You didn't know any spells.
Your spell library was empty.

Dungeon Overview and Level Annotations

Branches:
Dungeon (2/15)

Altars:

Annotations:
D:2 Sigmund


Innate Abilities, Weirdness & Mutations

You cannot wear most types of armour.
You are amphibious.
You can wear up to eight rings at the same time.
Your skin changes colour to match your surroundings (Stealth+).
Your rubbery body absorbs attacks. (AC +1, EV +1)
((You are camouflaged near water. (Stealth+)))
You have tentacles for arms and can constrict up to eight enemies at once.


Message History

The bat hits you but does no damage. The bat closely misses you.
The bat closely misses you.
A bat is nearby!
You barely miss the bat. Your grab misses the bat. Your squeeze misses the bat.
The bat is severely wounded.
The bat hits you but does no damage. The bat hits you but does no damage.
The bat barely misses you. The bat hits you but does no damage.
The bat misses you.
You hit the bat.
You kill the bat!
No target in view!
Done exploring.
Done exploring.
Search for what [? for help]? ring Search for what [Enter for "ring", or ? for help]? weapon You see here a +0 club.
There is a stone staircase leading down here.
You climb downwards.
There is a stone staircase leading up here.
You open the door.
There is an open door here.
You open the door.
A ball python comes into view.
There is an open door here.
The ball python hisses angrily.
Sigmund the Dreaded comes into view.
He is wielding a +2 vorpal scythe.
Sigmund shouts!
The ball python completely misses you. The ball python closely misses you.
You hit the ball python. You grab the ball python.
The ball python is heavily wounded.
You constrict the ball python.
You kill the ball python!
Sigmund gestures at you while chanting. The puff of flame misses you.
Sigmund hits you from afar with a +2 vorpal scythe!
Ouch! That really hurt!
* * * LOW HITPOINT WARNING * * *
You die...

#. #.# #.### ####.#..
...... ##@..##
#.....# #.†@# ##.##
#.# #.# ##'## ##...##
## ##.....## ##.##
##.......#
##.#..<####.........#


You could see Sigmund.

Vanquished Creatures
  3 bats (D:1)
  3 endoplasms (D:1)
  2 giant cockroaches (D:1)
  A goblin (D:1)
  2 hobgoblins (D:1)
  2 ball pythons
  2 frilled lizards (D:1)
15 creatures vanquished.

Notes
Turn   | Place    | Note
-------+----------+-------------------------------------------
     0 | D:1      | Urokeeper the Octopode Brigand began the quest for the Orb.
     0 | D:1      | Reached XP level 1. HP: 14/14 MP: 1/1
   350 | D:1      | Reached skill level 1 in Long Blades
   413 | D:1      | Reached XP level 2. HP: 18/19 MP: 2/2
   877 | D:2      | Noticed Sigmund
   880 | D:2      | Slain by Sigmund

Illustrated notes

Levels and vault maps discovered:
D:1:      elethiomel_arrival_shortcut, layout_basic
D:2:      layout_loops_corners, uniq_robin, uniq_sigmund

Skill      XL: |  1 |
---------------+----+-----
Long Blades    | 1 |  1.8
Fighting       | |  2.0
Short Blades   | |  2.0
Throwing       | |  2.0
Dodging        | |  1.0
Stealth        | |  5.6

Action                   || total
-------------------------++-------
Melee: Dagger            ||    24
       Tentacles         ||     3
       Constrict         ||     3
 Stab: Sleeping          ||     7
Armor: Skin              ||     7
Dodge: Dodged            ||    16
